PIO (24 & UNDER)
EAU CLAIRE ESQUIRES @ CHULA VISTA TACOS
07/16/2023
 
TOP OF THE 1ST
Eau Claire Esquires batting - Pitching for Chula Vista Tacos : RHP Luis Trevino
Pitching: RHP Luis Trevino
Batting: RHB Eric Fuller 0-0: Ball
1-0: SINGLE (Groundball, 34S)
Batting: LHB Edwin Ryan 0-0: Swinging Strike
0-1: Ball
1-1: Grounds into double play, 4-6-3 (Groundball, 4)
Batting: RHB Roberto García 0-0: Ball
1-0: Ball
2-0: Foul Ball, location: 2F
2-1: SINGLE (Line Drive, 9S)
Batting: LHB Michael Cook 0-0: Fielders Choice at 2nd, U4 (Groundball, 4M)
Top of the 1st over - 0 run(s), 2 hit(s), 0 error(s), 1 left on base; Eau Claire 0 - Chula Vista 0
BOTTOM OF THE 1ST
Chula Vista Tacos batting - Pitching for Eau Claire Esquires : RHP Nick Parks
Pitching: RHP Nick Parks
Batting: RHB Jorge Collazo 0-0: Called Strike
0-1: Ball
1-1: Fly out, F4 (Popup, 4)
Batting: RHB Doug Brown 0-0: Foul Ball, location: 2F
0-1: Ball
1-1: Ball
2-1: Ball
3-1: Base on Balls
Batting: RHB Scott Green 0-0: Called Strike
0-1: Ball
1-1: Called Strike
1-2: Strikes out looking
Batting: SHB Adrián Nieto 0-0: Ground out 4-3 (Groundball, 4S)
Bottom of the 1st over - 0 run(s), 0 hit(s), 0 error(s), 1 left on base; Eau Claire 0 - Chula Vista 0
TOP OF THE 2ND
Eau Claire Esquires batting - Pitching for Chula Vista Tacos : RHP Luis Trevino
Batting: RHB Carlos Rea 0-0: SINGLE (Line Drive, 7LS)
Batting: RHB Dave Parker 0-0: Called Strike
0-1: Ball
1-1: Ball
2-1: Called Strike
2-2: Ball
3-2: Foul Ball, location: 2F
3-2: Base on Balls
Carlos Rea to second
Batting: RHB José Ruíz 0-0: Called Strike
0-1: Swinging Strike
0-2: Ball
1-2: Fly out, F9 (Flyball, 89M)
Batting: RHB Seiji Kouno 0-0: Called Strike
0-1: Foul Ball, location: 2F
0-2: Strikes out looking
Batting: LHB Jorge Fernández 0-0: Swinging Strike
0-1: Ball
1-1: Ball
2-1: Ball
3-1: Foul Ball, location: 2F
3-2: Base on Balls
Carlos Rea to third
Dave Parker to second
Batting: RHB Eric Fuller 0-0: Called Strike
0-1: Ball
1-1: Hit by Pitch
Carlos Rea scores
Dave Parker to third
Jorge Fernández to second
Batting: LHB Edwin Ryan 0-0: Called Strike
0-1: Ball
1-1: Ball
2-1: Foul Ball, location: 2F
2-2: Strikes out looking
Top of the 2nd over - 1 run(s), 1 hit(s), 0 error(s), 3 left on base; Eau Claire 1 - Chula Vista 0
BOTTOM OF THE 2ND
Chula Vista Tacos batting - Pitching for Eau Claire Esquires : RHP Nick Parks
Batting: RHB Luis Martínez 0-0: Called Strike
0-1: Swinging Strike
0-2: Strikes out swinging
Batting: SHB Brian Price 0-0: Ground out 4-3 (Groundball, 4)
Batting: LHB Ray Bryant 0-0: Swinging Strike
0-1: Ball
1-1: Called Strike
1-2: Strikes out swinging
Bottom of the 2nd over - 0 run(s), 0 hit(s), 0 error(s), 0 left on base; Eau Claire 1 - Chula Vista 0
TOP OF THE 3RD
Eau Claire Esquires batting - Pitching for Chula Vista Tacos : RHP Luis Trevino
Batting: RHB Roberto García 0-0: Called Strike
0-1: Ball
1-1: Ball
2-1: Foul Ball, location: 2F
2-2: Foul Ball, location: 2F
2-2: Strikes out swinging
Batting: LHB Michael Cook 0-0: Called Strike
0-1: Swinging Strike
0-2: Foul Ball, location: 2F
0-2: Ball
1-2: Strikes out looking
Batting: RHB Carlos Rea 0-0: Fly out, F7 (Line Drive, 7M)
Top of the 3rd over - 0 run(s), 0 hit(s), 0 error(s), 0 left on base; Eau Claire 1 - Chula Vista 0
BOTTOM OF THE 3RD
Chula Vista Tacos batting - Pitching for Eau Claire Esquires : RHP Nick Parks
Batting: RHB John Nelson 0-0: Foul Ball, location: 2F
0-1: Hit by Pitch
Batting: LHB Alberto Santos 0-0: Ball
1-0: TRIPLE (Line Drive, 89S)
John Nelson scores
Batting: RHB Jorge Collazo 0-0: Called Strike
0-1: Ground out U3 (Groundball, 3S)
Batting: RHB Doug Brown 0-0: Ball
1-0: Called Strike
1-1: Foul Ball, location: 2F
1-2: Strikes out swinging
Batting: RHB Scott Green 0-0: Ball
1-0: Foul Ball, location: 2F
1-1: Ball
2-1: Called Strike
2-2: Ball
3-2: Strikes out looking
Bottom of the 3rd over - 1 run(s), 1 hit(s), 0 error(s), 1 left on base; Eau Claire 1 - Chula Vista 1
TOP OF THE 4TH
Eau Claire Esquires batting - Pitching for Chula Vista Tacos : RHP Luis Trevino
Batting: RHB Dave Parker 0-0: Ball
1-0: Called Strike
1-1: Fly out, F7 (Flyball, 7D)
Batting: RHB José Ruíz 0-0: Ball
1-0: Ball
2-0: Foul Ball, location: 2F
2-1: Foul Ball, location: 2F
2-2: Fly out, F7 (Flyball, 78M)
Batting: RHB Seiji Kouno 0-0: Swinging Strike
0-1: Swinging Strike
0-2: Ball
1-2: Strikes out swinging
Top of the 4th over - 0 run(s), 0 hit(s), 0 error(s), 0 left on base; Eau Claire 1 - Chula Vista 1
BOTTOM OF THE 4TH
Chula Vista Tacos batting - Pitching for Eau Claire Esquires : RHP Nick Parks
Batting: SHB Adrián Nieto 0-0: Foul Ball, location: 2F
0-1: Foul Ball, location: 2F
0-2: Foul Ball, location: 2F
0-2: Ball
1-2: Foul Ball, location: 2F
1-2: Ball
2-2: Foul Ball, location: 2F
2-2: Foul Ball, location: 2F
2-2: Ground out 1-3 (Groundball, 13S)
Batting: RHB Luis Martínez 0-0: Called Strike
0-1: Foul Ball, location: 2F
0-2: Ball
1-2: Foul Ball, location: 2F
1-2: Strikes out swinging
Batting: SHB Brian Price 0-0: Foul Ball, location: 2F
0-1: Ball
1-1: Ball
2-1: Ball
3-1: Base on Balls
Batting: LHB Ray Bryant 0-0: Ball
1-0: Ground out U3 (Groundball, 3)
Bottom of the 4th over - 0 run(s), 0 hit(s), 0 error(s), 1 left on base; Eau Claire 1 - Chula Vista 1
TOP OF THE 5TH
Eau Claire Esquires batting - Pitching for Chula Vista Tacos : RHP Luis Trevino
Batting: LHB Jorge Fernández 0-0: Swinging Strike
0-1: Foul Ball, location: 2F
0-2: Ball
1-2: Ball
2-2: Foul Ball, location: 2F
2-2: Strikes out swinging
Batting: RHB Eric Fuller 0-0: Foul Ball, location: 2F
0-1: Called Strike
0-2: Ball
1-2: Ball
2-2: Strikes out swinging
Batting: LHB Edwin Ryan 0-0: Called Strike
0-1: Called Strike
0-2: Ball
1-2: Strikes out swinging
Top of the 5th over - 0 run(s), 0 hit(s), 0 error(s), 0 left on base; Eau Claire 1 - Chula Vista 1
BOTTOM OF THE 5TH
Chula Vista Tacos batting - Pitching for Eau Claire Esquires : RHP Nick Parks
Batting: RHB John Nelson 0-0: Ball
1-0: Called Strike
1-1: Ball
2-1: Foul Ball, location: 2F
2-2: Ball
3-2: DOUBLE (Line Drive, 9LM)
Batting: LHB Alberto Santos 0-0: Called Strike
0-1: Swinging Strike
0-2: Foul Ball, location: 2F
0-2: Ground out 4-3 (Groundball, 4)
John Nelson to third
Batting: RHB Jorge Collazo 0-0: Ball
1-0: Called Strike
1-1: Swinging Strike
1-2: Strikes out looking
Batting: RHB Doug Brown 0-0: Ball
1-0: Called Strike
1-1: Called Strike
1-2: Strikes out swinging
Bottom of the 5th over - 0 run(s), 1 hit(s), 0 error(s), 1 left on base; Eau Claire 1 - Chula Vista 1
TOP OF THE 6TH
Eau Claire Esquires batting - Pitching for Chula Vista Tacos : RHP Luis Trevino
Batting: RHB Roberto García 0-0: Foul Ball, location: 2F
0-1: Fly out, F7 (Flyball, 7D)
Batting: LHB Michael Cook 0-0: Foul Ball, location: 2F
0-1: Foul Ball, location: 2F
0-2: Ball
1-2: Foul Ball, location: 2F
1-2: Ball
2-2: Foul Ball, location: 2F
2-2: DOUBLE (Line Drive, 9LD)
Pitching: LHP Raymond Ritchie
Batting: RHB Carlos Rea 0-0: Swinging Strike
0-1: Ball
1-1: Foul Ball, location: 2F
1-2: SINGLE (Flyball, 9S)
Michael Cook to third
Runner from 3rd tries for Home, SAFE, no throw or cutoff
Batting: RHB Dave Parker 0-0: Called Strike
0-1: Grounds into double play, 4-6-3 (Groundball, 4)
Top of the 6th over - 1 run(s), 2 hit(s), 0 error(s), 0 left on base; Eau Claire 2 - Chula Vista 1
BOTTOM OF THE 6TH
Chula Vista Tacos batting - Pitching for Eau Claire Esquires : RHP Nick Parks
Batting: RHB Scott Green 0-0: Ball
1-0: Foul Ball, location: 2F
1-1: Ball
2-1: Foul Ball, location: 2F
2-2: DOUBLE (Line Drive, 7LD)
Batting: SHB Adrián Nieto 0-0: Swinging Strike
0-1: Ball
1-1: Foul Ball, location: 2F
1-2: SINGLE (Line Drive, 34D)
Scott Green to third
Pitching: RHP Francisco Anaya
Batting: RHB Luis Martínez 0-0: Called Strike
0-1: SINGLE (Line Drive, 89S)
Scott Green scores
Adrián Nieto to second
Batting: SHB Brian Price 0-0: Called Strike
0-1: Ground out 3-1 (Groundball, 34S)
Adrián Nieto to third
Luis Martínez to second
Batting: LHB Ray Bryant 0-0: Called Strike
0-1: Ball
1-1: Ball
2-1: Fly out, F8 (Popup, 6MD)
Batting: RHB John Nelson 0-0: Called Strike
0-1: Fly out, F8 (Flyball, 8LM)
Bottom of the 6th over - 1 run(s), 3 hit(s), 0 error(s), 2 left on base; Eau Claire 2 - Chula Vista 2
TOP OF THE 7TH
Eau Claire Esquires batting - Pitching for Chula Vista Tacos : LHP Raymond Ritchie
Pinch Hitting: RHB Norm Francis 0-0: Ball
1-0: Swinging Strike
1-1: Foul Ball, location: 2F
1-2: Ball
2-2: Strikes out looking
Batting: RHB Seiji Kouno 0-0: Foul Ball, location: 2F
0-1: Swinging Strike
0-2: Ball
1-2: Foul Ball, location: 2F
1-2: Strikes out swinging
Pinch Hitting: LHB Alfredo González 0-0: SINGLE (Groundball, 25) (infield hit)
Batting: RHB Eric Fuller 0-0: Ball
1-0: Foul Ball, location: 2F
1-1: Ball
2-1: Foul Ball, location: 2F
2-2: Fly out, F4 (Popup, 34)
Top of the 7th over - 0 run(s), 1 hit(s), 0 error(s), 1 left on base; Eau Claire 2 - Chula Vista 2
BOTTOM OF THE 7TH
Chula Vista Tacos batting - Pitching for Eau Claire Esquires : RHP Francisco Anaya
Pitching: LHP Charlie Conner
Now at 2B: Norm Francis
Now in LF: Alfredo González
Pinch Hitting: RHB Griswold Coleman 0-0: Called Strike
0-1: Ball
1-1: Fly out, F8 (Flyball, 8LM)
Pitching: RHP Ignacio Torres
Pinch Hitting: LHB Jaime Icaza 0-0: SINGLE (Line Drive, 56)
Batting: RHB Doug Brown 0-0: Ball
1-0: Ball
2-0: Called Strike
2-1: Ground out U3 (Groundball, 3S)
Jaime Icaza to second
Batting: RHB Scott Green 0-0: Foul Ball, location: 2F
0-1: Swinging Strike
0-2: Strikes out swinging
Bottom of the 7th over - 0 run(s), 1 hit(s), 0 error(s), 1 left on base; Eau Claire 2 - Chula Vista 2
TOP OF THE 8TH
Eau Claire Esquires batting - Pitching for Chula Vista Tacos : LHP Raymond Ritchie
Now at 2B: Griswold Coleman
Now in CF: Jaime Icaza
Batting: LHB Edwin Ryan 0-0: Called Strike
0-1: Called Strike
0-2: Foul Ball, location: 2F
0-2: Ball
1-2: Foul Ball, location: 2F
1-2: Foul Ball, location: 2F
1-2: Strikes out swinging
Pitching: LHP Geoff Williams
Batting: RHB Roberto García 0-0: Ball
1-0: Ball
2-0: Called Strike
2-1: Fly out, F9 (Flyball, 9M)
Batting: LHB Michael Cook 0-0: Swinging Strike
0-1: Fly out, F7 (Flyball, 8LD)
Top of the 8th over - 0 run(s), 0 hit(s), 0 error(s), 0 left on base; Eau Claire 2 - Chula Vista 2
BOTTOM OF THE 8TH
Chula Vista Tacos batting - Pitching for Eau Claire Esquires : RHP Ignacio Torres
Batting: SHB Adrián Nieto 0-0: Ball
1-0: Ground out 4-3 (Groundball, 4)
Batting: RHB Luis Martínez 0-0: Ball
1-0: Called Strike
1-1: Swinging Strike
1-2: Strikes out swinging
Batting: SHB Brian Price 0-0: Ball
1-0: Called Strike
1-1: Called Strike
1-2: SINGLE (Groundball, 2R) (infield hit)
Pinch Hitting: RHB Marty Hendrickson 0-0: Ball
1-0: Swinging Strike
1-1: Called Strike
1-2: Ball
2-2: Ball
3-2: Foul Ball, location: 2F
3-2: Strikes out swinging
Bottom of the 8th over - 0 run(s), 1 hit(s), 0 error(s), 1 left on base; Eau Claire 2 - Chula Vista 2
TOP OF THE 9TH
Eau Claire Esquires batting - Pitching for Chula Vista Tacos : LHP Geoff Williams
Pitching: RHP Manuel Ferreira
Now in RF: Marty Hendrickson
Batting: RHB Carlos Rea 0-0: Ball
1-0: Ground out 4-3 (Groundball, 4M)
Batting: RHB Dave Parker 0-0: Fly out, F5 (Line Drive, 56)
Batting: RHB Norm Francis 0-0: Swinging Strike
0-1: Foul Ball, location: 2F
0-2: Ball
1-2: Ball
2-2: Strikes out swinging
Top of the 9th over - 0 run(s), 0 hit(s), 0 error(s), 0 left on base; Eau Claire 2 - Chula Vista 2
BOTTOM OF THE 9TH
Chula Vista Tacos batting - Pitching for Eau Claire Esquires : RHP Ignacio Torres
Batting: RHB John Nelson 0-0: Called Strike
0-1: DOUBLE (Line Drive, 9LS)
Batting: RHB Griswold Coleman 0-0: Foul Ball, location: 2F
0-1: Ground out U3 (Groundball, 3)
John Nelson to third
Batting: LHB Jaime Icaza 0-0: Intentional Walk
Batting: RHB Doug Brown 0-0: Foul Ball, location: 2F
0-1: Swinging Strike
0-2: Ball
1-2: Ball
2-2: Strikes out swinging
Batting: RHB Scott Green 0-0: Ball
1-0: Ball
2-0: Foul Ball, location: 2F
2-1: Called Strike
2-2: Fly out, F8 (Flyball, 8RM)
Bottom of the 9th over - 0 run(s), 1 hit(s), 0 error(s), 2 left on base; Eau Claire 2 - Chula Vista 2
TOP OF THE 10TH
Eau Claire Esquires batting - Pitching for Chula Vista Tacos : RHP Manuel Ferreira
Batting: RHB Seiji Kouno 0-0: Called Strike
0-1: Ball
1-1: Ball
2-1: Foul Ball, location: 2F
2-2: Ball
3-2: Foul Ball, location: 2F
3-2: Fly out, F7 (Flyball, 7LM)
Batting: LHB Alfredo González 0-0: Fly out, F5 (Popup, 5S)
Batting: RHB Eric Fuller 0-0: Ball
1-0: Fly out, F8 (Flyball, 8RD)
Top of the 10th over - 0 run(s), 0 hit(s), 0 error(s), 0 left on base; Eau Claire 2 - Chula Vista 2
BOTTOM OF THE 10TH
Chula Vista Tacos batting - Pitching for Eau Claire Esquires : RHP Ignacio Torres
Batting: SHB Adrián Nieto 0-0: Called Strike
0-1: Fly out, F7 (Flyball, 7LM)
Pitching: RHP Ignacio Beltrán
Batting: RHB Luis Martínez 0-0: Ball
1-0: Ball
2-0: DOUBLE (Line Drive, 7LM)
Batting: SHB Brian Price 0-0: Ball
1-0: Called Strike
1-1: Swinging Strike
1-2: Strikes out looking
Batting: RHB Marty Hendrickson 0-0: Called Strike
0-1: Ball
1-1: Called Strike
1-2: Strikes out swinging
Bottom of the 10th over - 0 run(s), 1 hit(s), 0 error(s), 1 left on base; Eau Claire 2 - Chula Vista 2
TOP OF THE 11TH
Eau Claire Esquires batting - Pitching for Chula Vista Tacos : RHP Manuel Ferreira
Pitching: RHP Mike Marrero
Batting: LHB Edwin Ryan 0-0: Ground out U3 (Groundball, 3S)
Batting: RHB Roberto García 0-0: Called Strike
0-1: Ball
1-1: Ball
2-1: Ball
3-1: Called Strike
3-2: Strikes out looking
Batting: LHB Michael Cook 0-0: Fly out, F9 (Flyball, 89M)
Top of the 11th over - 0 run(s), 0 hit(s), 0 error(s), 0 left on base; Eau Claire 2 - Chula Vista 2
BOTTOM OF THE 11TH
Chula Vista Tacos batting - Pitching for Eau Claire Esquires : RHP Ignacio Beltrán
Batting: RHB John Nelson 0-0: Fly out, F9 (Flyball, 9M)
Batting: RHB Griswold Coleman 0-0: Ball
1-0: Ball
2-0: Ball
3-0: Called Strike
3-1: Base on Balls
Batting: LHB Jaime Icaza 0-0: Ball
1-0: Ball
2-0: Swinging Strike
2-1: Ball
3-1: Base on Balls
Griswold Coleman to second
Batting: RHB Doug Brown 0-0: Ball
1-0: Swinging Strike
1-1: Foul Ball, location: 2F
1-2: Strikes out swinging
Batting: RHB Scott Green 0-0: Called Strike
0-1: Foul Ball, location: 2F
0-2: Ball
1-2: Ball
2-2: Strikes out swinging
Bottom of the 11th over - 0 run(s), 0 hit(s), 0 error(s), 2 left on base; Eau Claire 2 - Chula Vista 2
TOP OF THE 12TH
Eau Claire Esquires batting - Pitching for Chula Vista Tacos : RHP Mike Marrero
Batting: RHB Carlos Rea 0-0: Called Strike
0-1: Called Strike
0-2: Foul Ball, location: 2F
0-2: Ball
1-2: Foul Ball, location: 2F
1-2: Strikes out swinging
Batting: RHB Dave Parker 0-0: Called Strike
0-1: Ground out 4-3 (Groundball, 4)
Batting: RHB Norm Francis 0-0: Fly out, F7 (Flyball, 7M)
Top of the 12th over - 0 run(s), 0 hit(s), 0 error(s), 0 left on base; Eau Claire 2 - Chula Vista 2
BOTTOM OF THE 12TH
Chula Vista Tacos batting - Pitching for Eau Claire Esquires : RHP Ignacio Beltrán
Batting: SHB Adrián Nieto 0-0: Fly out, F6 (Line Drive, 6)
Pitching: RHP Ray McIntyre
Batting: RHB Luis Martínez 0-0: Called Strike
0-1: Swinging Strike
0-2: Ball
1-2: Foul Ball, location: 2F
1-2: SINGLE (Flyball, 8LS)
Batting: SHB Brian Price 0-0: Foul Ball, location: 2F
0-1: SINGLE (Line Drive, 7LS)
Luis Martínez to second
Batting: RHB Marty Hendrickson 0-0: Ball
1-0: Called Strike
1-1: Ball
2-1: Called Strike
2-2: Strikes out swinging
Batting: RHB John Nelson 0-0: Fly out, F8 (Flyball, 8RM)
Bottom of the 12th over - 0 run(s), 2 hit(s), 0 error(s), 2 left on base; Eau Claire 2 - Chula Vista 2
TOP OF THE 13TH
Eau Claire Esquires batting - Pitching for Chula Vista Tacos : RHP Mike Marrero
Batting: RHB Seiji Kouno 0-0: Called Strike
0-1: Swinging Strike
0-2: Strikes out looking
Batting: LHB Alfredo González 0-0: Ball
1-0: SINGLE (Line Drive, 4MD)
Batting: RHB Eric Fuller 0-0: Ball
1-0: Fly out, F6 (Popup, 6D)
Batting: LHB Edwin Ryan 0-0: Ball
1-0: SINGLE (Groundball, 56D)
Alfredo González to second
Batting: RHB Roberto García 0-0: Foul Ball, location: 2F
0-1: Fly out, F3 (Popup, 3)
Top of the 13th over - 0 run(s), 2 hit(s), 0 error(s), 2 left on base; Eau Claire 2 - Chula Vista 2
BOTTOM OF THE 13TH
Chula Vista Tacos batting - Pitching for Eau Claire Esquires : RHP Ray McIntyre
Batting: RHB Griswold Coleman 0-0: Called Strike
0-1: Ground out 5-3 (Groundball, 5L)
Batting: LHB Jaime Icaza 0-0: Foul Ball, location: 2F
0-1: Ball
1-1: Ball
2-1: Ball
3-1: Called Strike
3-2: Base on Balls
Batting: RHB Doug Brown 0-0: DOUBLE (Line Drive, 7LS)
Jaime Icaza to third
Batting: RHB Scott Green 0-0: Intentional Walk
Batting: SHB Adrián Nieto 0-0: Ball
1-0: SINGLE (Line Drive, 7S)
Jaime Icaza scores
This league is powered by Out of the Park Baseball, the baseball management simulation game for PC, Mac and Linux
Wednesday, December 2nd, 2015 - OOTP Baseball 16.8 Build 38